 Dungeon Crawl Stone Soup version 0.31-a0-662-g684573625c (webtiles) character file.

Game seed: 3357123427116738221

296 heikuro the Shield-Bearer (level 6, -4/49 HPs)
             Began as a Formicid Fighter on Sept 1, 2023.
             Was a Believer of Makhleb.
             Shot with an arrow by a centaur (8 damage)
             ... on level 3 of the Dungeon.
             The game lasted 00:05:13 (2713 turns).

heikuro the Shield-Bearer (Formicid Fighter)        Turns: 2713, Time: 00:05:14

Health: -4/49      AC:  9    Str: 22    XL:     6   Next: 62%
Magic:  7/7        EV:  8    Int:  8    God:    Makhleb [**....]
Gold:   170        SH:  5    Dex: 13    Spells: 5/5 levels left

rFire   . . .        a - +0 war axe
rCold   . . .        c - +0 buckler
rNeg    . . .        j - +0 chain mail
rPois   +            (helmet unavailable)
rElec   .            (no cloak)
rCorr   .            (no gloves)
SInv    +            (no boots)
Will    .....        (no amulet) Stlth
                     g - ring of poison resistance
HPRegen 0.28/turn    (no ring)
MPRegen 0.10/turn

%: no passive effects
@: no status effects
A: permanent stasis, dig shafts and tunnels, antennae 3, four strong arms
a: Dig, Shaft Self, Renounce Religion, Minor Destruction


You were on level 3 of the Dungeon.
You worshipped Makhleb.
Makhleb was pleased with you.
You visited 1 branch of the dungeon, and saw 3 of its levels.
You also visited: Sewer.

You collected 170 gold pieces.

Inventory:

Hand Weapons
 a - a +0 war axe (weapon)
Armour
 c - a +0 buckler (worn)
 j - a +0 chain mail (worn)
Jewellery
 g - a ring of poison resistance (left hand)
Scrolls
 h - a scroll of teleportation {unknown}
 n - a scroll of poison {unknown}
 o - a scroll of amnesia {unknown}
Potions
 b - 2 potions of brilliance
 d - a potion of might
 e - 2 potions of heal wounds
 f - a potion of mutation {unknown}
 i - 3 potions of curing
 l - 6 potions of enlightenment
 m - a potion of experience


   Skills:
 + Level 4.4 Fighting
 * Level 4.1 Axes
 + Level 4.3 Armour
 + Level 5.2 Shields
 + Level 1.8 Invocations


You had 5 spell levels left.
You didn't know any spells.
Your spell library was empty.

Dungeon Overview and Level Annotations

Branches:
Dungeon (3/15)              Sewer (visited)

Altars:
Makhleb


Innate Abilities, Weirdness & Mutations

You cannot be hasted, slowed, berserked, paralysed or teleported.
You can dig through walls and to a lower floor.
You have a pair of large antennae on your head. (SInv)
Your four strong arms can wield two-handed weapons with a shield.


Message History

The adder bites you but does no damage.
You slash the adder!
You kill the adder!
Makhleb accepts your kill.
You slash the rat!
You kill the rat!
Makhleb accepts your kill.
No target in view!
You see here an adder corpse.
No target in view!
No target in view!
You see here an adder corpse.
You see here a rat skeleton.
You now have 170 gold pieces (gained 15).
f - a metallic brown potion A centaur comes into view.
Found 6 stones.
The centaur shouts!
The centaur wields a +0 orcbow.
The centaur shoots an arrow.
The arrow hits you!
You see here 4 gold pieces.
Okay, then.
The centaur shoots an arrow.
The arrow hits you!
The centaur shoots an arrow.
The arrow hits you!
* * * LOW HITPOINT WARNING * * *
You are too injured to fight recklessly!
You are too injured to fight recklessly!
You are too injured to fight recklessly!
The centaur shoots an arrow.
The arrow hits you.
* * * LOW HITPOINT WARNING * * *
The centaur shoots an arrow.
You block the arrow.
The centaur shoots an arrow.
You block the arrow.
The centaur shoots an arrow.
The arrow hits you but does no damage.
A centaur is nearby!
The centaur shoots an arrow.
The arrow barely misses you.
Found an orcbow.
The centaur shoots an arrow.
The arrow hits you!
* * * LOW HITPOINT WARNING * * *
The centaur shoots an arrow.
The arrow hits you!
You die...

##.. ...........# ##..
#.##.....####### ####### ##..#
#.####...#~~÷#~~ ......###...#
##.# #..~#÷#~#~# ............#
#..# #..~#~#~#~# ......###...#
##..####.÷~~~#~÷~~
......).....####....##(..÷#~#~###
...###...........##..÷...~~~#~~†~
.......####.####@.##.##...#~#####
...##..# ..... #.........~~~#~~~~
†.####.#.......#.###c#....~~#####
.#####.#.......#.# #.####.......#
..........._...... #..#.........#
.##....#.......#.#.##.c.#.#.....#
.# .#.#.......#.......##.#######
....## ). #...........## .....
.## #.......$..{.#


You could see a centaur.

Vanquished Creatures
  3 gnolls
  5 river rats
  13 adders
  9 worms
  A dart slug (D:2)
  10 bats
  5 endoplasms
  3 giant cockroaches (Sewer)
  4 goblins
  3 hobgoblins (D:2)
  4 jackals (Sewer)
  3 quokkas
  6 ball pythons
  4 frilled lizards (D:2)
  6 kobolds
  12 rats
91 creatures vanquished.

Notes
Turn   | Place    | Note
-------+----------+-------------------------------------------
     0 | D:1      | heikuro the Formicid Fighter began the quest for the Orb.
     0 | D:1      | Reached XP level 1. HP: 18/18 MP: 1/1
   275 | D:1      | Reached XP level 2. HP: 24/24 MP: 2/2
   655 | D:2      | Reached XP level 3. HP: 29/29 MP: 3/3
   795 | D:2      | Reached XP level 4. HP: 37/37 MP: 4/4
  1399 | D:2      | Found a faded altar of an unknown god.
  1407 | D:2      | Prayed at the altar of an unknown god.
  1407 | D:2      | Became a worshipper of Makhleb the Destroyer
  1407 | D:2      | Reached * piety under Makhleb
  1703 | D:3      | Reached XP level 5. HP: 42/42 MP: 5/5
  1718 | D:3      | Found a burning altar of Makhleb.
  1785 | D:3      | Reached ** piety under Makhleb
  1795 | D:3      | Found a glowing drain.
  1800 | Sewer    | Entered a sewer
  2002 | Sewer    | Reached skill level 1 in Invocations
  2022 | Sewer    | Reached skill level 5 in Shields
  2035 | Sewer    | Reached XP level 6. HP: 48/48 MP: 6/6
  2713 | D:3      | Shot with an arrow by a centaur

Illustrated notes

Levels and vault maps discovered:
D:1:      roderic_dead_forest, layout_basic, minmay_misc_feat_roman,
          minmay_curled_crystal, minmay_pentomino_s4
D:2:      cheibrodos_old_hovel, layout_loops_cross,
          ebering_ecumenical_altar_webs
D:3:      minmay_diamond_boxcup, layout_rooms, old_standard_altar,
          mainiacjoe_overflow_paths, lightli_sewer_entry_pipes

Skill      XL: |  1  2  3  4  5  6 |
---------------+-------------------+-----
Axes           | 3 4 |  4.1
Fighting       | 4 |  4.4
Armour         | 4 |  4.3
Invocations    | 1 |  1.8
Shields        | 5 |  5.2

Action                     |  1- 3 |  4- 6 || total
---------------------------+-------+-------++-------
  Melee: War axe           |    61 |   239 ||   300
Ability: Dig               |     1 |       ||     1
    Use: Scroll            |       |     5 ||     5
 Armour: Scale mail        |    31 |       ||    31
         Chain mail        |     8 |   212 ||   220
  Dodge: Dodged            |    25 |   114 ||   139
  Block: Buckler           |    19 |    80 ||    99

Table legend: (Time is in decaauts)
 A = Elapsed time spent in this place.
 B = Non-inter-level travel time spent in this place.
 C = Inter-level travel time spent in this place.
 D = Time resting spent in this place.
 E = Time spent auto-exploring this place.
 F = Levels seen in this place.
 G = Mean time per level.
                   A        B        C        D        E       F      G
               +--------+--------+--------+--------+--------+-----+--------+
         Total |   3046 |   2959 |     87 |    217 |   1704 |   4 |  761.5 |
       Dungeon |   2011 |   1924 |     87 |     74 |   1244 |   3 |  670.3 |
         Sewer |   1035 |   1035 |      0 |    143 |    460 |   1 | 1035.0 |
               +--------+--------+--------+--------+--------+-----+--------+

Top non-repeatable levels by time:
   Sewer: 1035 daAuts
     D:2: 950 daAuts
     D:1: 733 daAuts
     D:3: 327 daAuts
